 Dungeon Crawl Stone Soup version 0.20-a0-548-g4f8a798 (webtiles) character file.

37135 w00t the Fighter (level 13, -4/85 HPs)
             Began as a Gargoyle Fighter on Jan 31, 2017.
             Was a High Priest of Makhleb.
             Slain by a freezing wraith (16 damage)
             ... in an ice cave on Feb 2, 2017.
             The game lasted 00:46:42 (19249 turns).

w00t the Fighter (Gargoyle Fighter)                Turns: 19249, Time: 00:46:43

Health: -4/85      AC: 28    Str: 21    XL:     13   Next: 94%
Magic:  16/16      EV:  8    Int:  9    God:    Makhleb [*****.]
Gold:   781        SH: 12    Dex: 13    Spells: 12/12 levels left

rFire    . . .     SeeInvis +   a - +1 war axe
rCold    . . .     Gourm    .   d - +0 plate armour
rNeg     + . .     Faith    .   c - +1 shield
rPois    ∞         Spirit   .   N - +0 mask of the Dragon {MR+ Slay+3 SInv}
rElec    +         Reflect  .   j - +0 cloak
rCorr    .         Harm     .   v - +0 pair of gloves
MR       ++...                  e - +0 pair of boots (curse)
Stlth    ..........             (no amulet)
Regen    0.3/turn               F - ring of stealth {Stlth+}
                                w - ring of protection from magic {MR+, !d}

@: no status effects
A: blink, negative energy resistance 1, electricity resistance, unbreathing,
petrification resistance, rot immunity, MP-powered wands, AC +9
a: Blink, Minor Destruction, Lesser Servant of Makhleb, Major Destruction,
Greater Servant of Makhleb, Renounce Religion


You were in an ice cave.
You worshipped Makhleb.
Makhleb was extremely pleased with you.
You were hungry.

You visited 3 branches of the dungeon, and saw 17 of its levels.
You also visited: Ice Cave.

You collected 1248 gold pieces.
You spent 467 gold pieces at shops.

Inventory:

Hand Weapons
 a - a +1 war axe (weapon)
 b - the +4 mace of Doom {freeze, rF+ Dex+3}
   (You found it on level 7 of the Dungeon)

   It has been specially enchanted to freeze those struck by it, causing extra
   injury to most foes and up to half again as much damage against particularly
   susceptible opponents.
   It can also slow down cold-blooded creatures.
   It affects your dexterity (+3).
   It protects you from fire.
Missiles
 i - 249 stones
 l - 4 steel javelins
 n - 8 curare-tipped needles
 C - a throwing net {=f, !d}
 V - 8 tomahawks (quivered)
Armour
 c - a +1 shield (worn)
 d - a +0 plate armour (worn)
 e - a cursed +0 pair of boots (worn)
 j - a +0 cloak (worn)
 v - a +0 pair of gloves (worn)
 N - the +0 mask of the Dragon (worn) {MR+ Slay+3 SInv}
   (You bought it in a shop on level 7 of the Dungeon)

   It affects your accuracy and damage with ranged weapons and melee attacks
   (+3).
   It affects your resistance to hostile enchantments.
   It lets you see invisible.
Jewellery
 w - a ring of protection from magic (left hand) {MR+, !d}
 F - a ring of stealth (right hand) {Stlth+}
Scrolls
 f - 3 scrolls of immolation {unknown}
 o - 7 scrolls of teleportation
 p - 8 scrolls of identify {@r1}
 r - a scroll of blinking {!r}
 s - a scroll of recharging
 x - 4 scrolls of remove curse {@r2}
Potions
 k - 5 potions of curing {@q1}
 m - 2 potions of might
 B - 2 potions of resistance
Books
 q - a book of Necromancy

   Spells                             Type                      Level
   a - Pain                           Necromancy                   1
   b - Animate Skeleton               Necromancy                   1
   c - Vampiric Draining              Necromancy                   3
   d - Regeneration                   Charms/Necromancy            3
   e - Animate Dead                   Necromancy                   4
   f - Control Undead                 Necromancy                   4
Comestibles
 g - 8 meat rations
 t - 14 fruits
 u - a royal jelly
 z - 2 bread rations


   Skills:
 + Level 11.9 Fighting
 - Level 11.4(12.3) Axes
 * Level 8.8(11.6) Maces & Flails
 - Level 10.7 Armour
 + Level 7.0 Dodging
 - Level 8.4 Shields
 - Level 4.6 Invocations


You had 12 spell levels left.
You didn't know any spells.

Dungeon Overview and Level Annotations

Branches:
Dungeon (11/15)            Temple (1/1) D:6            Lair (5/6) D:9
  Swamp (0/4) Lair:3       Spider (0/4) Lair:4
  Slime: Lair:5-6       Orc: D:9-12

Altars:
Ashenzari
Cheibriados
Dithmenos
Elyvilon
Fedhas
Gozag
Hepliaklqana
Kikubaaqudgha
Makhleb
Nemelex Xobeh
Okawaru
Qazlal
Ru
Sif Muna
Trog
Uskayaw
Vehumet
Xom
Yredelemnul
Zin
The Shining One

Shops:
D:5 ?!!%   D:7 *

Annotations:
Lair:3 exclusion: oklob plant, Rupert


Innate Abilities, Weirdness & Mutations

You are resistant to torment.
Your stone body is resilient. (AC +9)
You are immune to poison.
You resist negative energy. (rN+)
You are resistant to electric shocks. (rElec)
You can survive without breathing.
You are immune to petrification.
You are immune to rotting.
You can translocate small distances at will.
You expend magic power (3 MP) to strengthen your wands.


Message History

The freezing wraith barely misses you. You block the freezing wraith's attack.
The freezing wraith hits you but does no damage.
You block the freezing wraith's attack.
The freezing wraith hits you but does no damage.
You block the freezing wraith's attack.
The freezing wraith hits you but does no damage.
You block the freezing wraith's attack.
The freezing wraith hits you but does no damage. x2
The freezing wraith hits you.
* * * LOW HITPOINT WARNING * * *
The freezing wraith freezes you!!
* * * LOW HITPOINT WARNING * * *
The freezing wraith hits you but does no damage.
You block the freezing wraith's attack. x2
The freezing wraith hits you but does no damage. x2
You feel yourself speed up. The freezing wraith hits you.
* * * LOW HITPOINT WARNING * * *
The freezing wraith freezes you!
You die...

#..####....# ##..#
##...# ##..## ##.##
##...# ### #### ##....##
##..## #### #......#
##....#####..####.....##
#.......##....##.......#
#.∩.∩.......#.@WW......#
#..........###.........#
##....##..## ###......##
##..###### ##.....# ####
......# ##....## ##..##
####


You could see 2 freezing wraiths.

Vanquished Creatures
  Gastronok (Lair:1)
  5 hydras
  A centaur warrior (D:8)
  A two-headed ogre (D:10)
  Urug (Lair:3)
  Sonja (D:10)
  3 unseen horrors (D:11)
  Pikel (D:4)
  A wolf spider (Lair:4)
  2 elephants (Lair:4)
  2 black mambas
  A guardian serpent (D:9)
  Joseph (D:7)
  11 spiny frogs
  A rime drake (Lair:3)
  10 komodo dragons
  A queen bee (D:9)
  2 jumping spiders (Lair:4)
  A polar bear (Lair:2)
  Grinder (D:6)
  Prince Ribbit (D:8)
  A hornet (Lair:2)
  6 hippogriffs
  3 blink frogs (Lair:4)
  20 yaks
  2 spriggans
  A wraith (D:11)
  2 vampires (D:11)
  2 hungry ghosts
  A death yak simulacrum (IceCv)
  2 hell hounds (Lair:4)
  A soldier ant (D:11)
  10 water moccasins
  6 porcupines
  14 ice beasts
  7 orc warriors
  Purgy (D:4)
  A black bear (D:7)
  The ghost of GgHarvester the Chopper, an amateur MiBe of Trog (D:3)
  6 sky beasts
  2 phantoms (D:11)
  2 ogres
  25 wolves
  3 centaurs
  8 crocodiles
  Blork the orc (D:4)
  10 bullfrogs
  A water moccasin skeleton (D:7)
  A scorpion (D:6)
  28 killer bees
  A swamp dragon simulacrum (IceCv)
  11 wights
  6 howler monkeys
  3 crimson imps
  A centaur zombie (D:7)
  A quasit (D:5)
  A jelly (D:8)
  9 orc priests
  3 hounds
  15 orc wizards
  3 bullfrog skeletons
  Jessica (D:3)
  A gnoll shaman (D:8)
  2 iguanas
  A polar bear simulacrum (IceCv)
  A wolf simulacrum (IceCv)
  5 worker ants
  A killer bee zombie (D:5)
  A hound zombie (D:6)
  2 hound skeletons
  A howler monkey skeleton (D:4)
  12 gnolls
  14 adders
  2 shadow imps
  5 white imps (IceCv)
  2 oozes
  2 adder skeletons
  An adder zombie (D:8)
  2 worms (D:2)
  3 dart slugs
  3 leopard geckos
  42 orcs
  A ball python (D:1)
  4 giant cockroaches
  12 goblins
  13 hobgoblins
  9 jackals
  12 kobolds
  2 quokkas
  15 bats
  7 frilled lizards
  A giant cockroach zombie (D:5)
  A leopard gecko skeleton (D:5)
  2 quokka skeletons
  11 rats
465 creatures vanquished.

Vanquished Creatures (others)
  An orc wizard (D:3)
  A dart slug (D:4)
  An orc (D:4)
  3 fungi
  8 plants
14 creatures vanquished.

Grand Total: 479 creatures vanquished

Notes
Turn   | Place    | Note
-------+----------+-------------------------------------------
     0 | D:1      | w00t the Gargoyle Fighter began the quest for the Orb.
     0 | D:1      | Reached XP level 1. HP: 14/14 MP: 1/1
   240 | D:1      | Reached XP level 2. HP: 19/19 MP: 2/2
   482 | D:1      | Reached XP level 3. HP: 23/23 MP: 3/3
  1241 | D:2      | Reached XP level 4. HP: 28/28 MP: 4/4
  1305 | D:2      | Found a sacrificial altar of Ru.
  1840 | D:3      | Noticed Jessica
  1842 | D:3      | Killed Jessica
  1842 | D:3      | Reached XP level 5. HP: 33/33 MP: 5/5
  1896 | D:3      | Noticed GgHarvester's ghost (amateur MiBe)
  1925 | D:3      | Killed GgHarvester's ghost
  1925 | D:3      | Reached XP level 6. HP: 35/38 MP: 6/6
  2831 | D:3      | Reached skill level 5 in Armour
  2925 | D:4      | Noticed Purgy
  2949 | D:4      | Killed Purgy
  3102 | D:4      | Noticed Blork the orc
  3870 | D:4      | Killed Blork the orc
  3870 | D:4      | Reached XP level 7. HP: 24/44 MP: 7/7
  4074 | D:4      | Noticed Pikel
  4085 | D:4      | Killed Pikel
  4085 | D:4      | Reached skill level 5 in Fighting
  4085 | D:4      | Reached skill level 5 in Axes
  4085 | D:4      | Reached skill level 5 in Shields
  4085 | D:4      | Reached XP level 8. HP: 49/49 MP: 8/8
  4639 | D:5      | Entered Level 5 of the Dungeon
  4976 | D:5      | Found Foskosor's Food Shop.
  4998 | D:5      | Found Juynoid's Magic Scroll Shoppe.
  5007 | D:5      | Found an opulent altar of Gozag.
  5069 | D:5      | Found Gutyilil's Distillery.
  5171 | D:5      | Found Jolaf's Distillery.
  5839 | D:6      | Found a hide-covered altar of Uskayaw.
  6056 | D:6      | Reached XP level 9. HP: 49/56 MP: 9/9
  6236 | D:6      | Noticed Grinder
  6266 | D:6      | Killed Grinder
  6431 | D:6      | Found a staircase to the Ecumenical Temple.
  6646 | D:6      | Gained mutation: You expend magic power (3 MP) to strengthen your wands. [potion of mutation]
  6646 | D:6      | Gained mutation: You can translocate small distances at will. [potion of mutation]
  6769 | D:6      | Got a dazzling dagger
  7035 | D:6      | Identified the +6 dagger of Jeomm {venom, *Noise +Rage rC++ Stlth-} (You found it on level 6 of the Dungeon)
  7154 | Temple   | Entered the Ecumenical Temple
  7291 | Temple   | Became a worshipper of Makhleb the Destroyer
  7754 | D:7      | Found an iron altar of Okawaru.
  7797 | D:7      | Found Zekytor's General Store.
  8112 | D:7      | Noticed Joseph
  8126 | D:7      | Killed Joseph
  8286 | D:7      | Reached XP level 10. HP: 60/63 MP: 10/10
  8611 | D:7      | Got a warped mace
  8612 | D:7      | Identified the +4 mace of Doom {freeze, rF+ Dex+3} (You found it on level 7 of the Dungeon)
  8878 | D:8      | Reached skill level 1 in Maces & Flails
  8885 | D:8      | Reached * piety under Makhleb
  9267 | D:7      | Bought the +0 mask of the Dragon {MR+ Slay+3 SInv} for 467 gold pieces
  9272 | D:7      | Upgraded the game from 0.20-a0-544-g2b9a704 to 0.20-a0-548-g4f8a798
  9294 | D:8      | Found a radiant altar of Vehumet.
  9683 | D:8      | Noticed a centaur warrior
  9697 | D:8      | Killed a centaur warrior
 10313 | D:8      | Found a shadowy altar of Dithmenos.
 10340 | D:9      | Noticed Prince Ribbit
 10389 | D:8      | Killed Prince Ribbit
 10459 | D:9      | Reached ** piety under Makhleb
 10487 | D:9      | Noticed a guardian serpent
 10868 | D:9      | Found a staircase to the Lair.
 10887 | D:9      | Reached skill level 1 in Dodging
 11245 | D:9      | Reached skill level 1 in Invocations
 11245 | D:9      | Reached XP level 11. HP: 69/69 MP: 11/11
 11491 | D:9      | Reached *** piety under Makhleb
 11542 | D:9      | Found a sparkling altar of Nemelex Xobeh.
 11959 | D:10     | Entered Level 10 of the Dungeon
 11968 | D:10     | Noticed Sonja
 11974 | D:10     | Killed Sonja
 11974 | D:10     | Reached skill level 10 in Axes
 12190 | D:10     | Noticed a two-headed ogre
 12206 | D:10     | Killed a two-headed ogre
 12724 | D:11     | Reached skill level 10 in Armour
 12760 | D:11     | Found a shattered altar of Ashenzari.
 12936 | D:11     | Noticed a four-headed hydra
 12956 | D:11     | Killed a four-headed hydra
 13175 | D:11     | Noticed an unseen horror
 13176 | D:11     | Noticed an unseen horror
 13179 | D:11     | Noticed an unseen horror
 13185 | D:11     | Reached **** piety under Makhleb
 13193 | D:11     | Killed an unseen horror
 13199 | D:11     | Killed an unseen horror
 13199 | D:11     | Reached XP level 12. HP: 76/76 MP: 13/15
 13640 | Lair:1   | Entered Level 1 of the Lair of Beasts
 13679 | Lair:1   | Noticed Gastronok
 13715 | Lair:1   | Killed Gastronok
 13846 | Lair:1   | Reached skill level 10 in Fighting
 15251 | Lair:2   | Reached skill level 5 in Dodging
 15255 | Lair:2   | Noticed a five-headed hydra
 15265 | Lair:2   | Killed a five-headed hydra
 15280 | Lair:2   | Noticed a four-headed hydra
 15292 | Lair:2   | Killed a four-headed hydra
 15469 | Lair:2   | Noticed a five-headed hydra
 15479 | Lair:2   | Killed a five-headed hydra
 15479 | Lair:2   | Reached skill level 5 in Maces & Flails
 15479 | Lair:2   | Reached XP level 13. HP: 80/84 MP: 16/16
 16233 | Lair:3   | Found a staircase to the Swamp.
 16379 | Lair:3   | Noticed Urug
 16404 | Lair:3   | Killed Urug
 16473 | Lair:3   | Found a shadowy altar of Dithmenos.
 16561 | Lair:3   | Noticed Rupert
 16661 | Lair:2   | Reached ***** piety under Makhleb
 17212 | Lair:3   | Paralysed by Rupert for 7 turns
 17853 | Lair:4   | Found a hole to the Spider Nest.
 19068 | Lair:5   | Found a frozen archway.
 19159 | IceCv    | Entered an ice cave
 19249 | IceCv    | Slain by a freezing wraith

Vault maps used:
D:1:      sevenhm_arrival_forest_fort_small_6, minmay_misc_feat_plants
D:2:      nicolae_ru_sacrificial_ziggurat
D:3:      uniq_jessica
D:4:      uniq_pikel, uniq_purgy, uniq_blork_the_orc
D:5:      grunt_gozag_breadcrumbs, first_bread, serial_shops, shop,
          nicolae_shop_stone, nicolae_shop_statue_plus, shop,
          kennysheep_generic_room_5
D:6:      nicolae_overflow_hidden_temple, lemuel_temple_firewalk_b, uniq_grinder
D:7:      lemuel_round_altar, serial_shops, nicolae_shop_trees,
          item_on_display_a, uniq_joseph
D:8:      vehumet_altar_wand_db, basic_altar
D:9:      nrook_guardian_serpent_snake_passage, lair_entry_dummy, basic_altar,
          david_nohive_1, uniq_prince_ribbit1
D:10:     uniq_sonja
D:11:     basic_altar, nrook_mini_vaults, hangedman_batty
Temple:   nicolae_temple_elliptical
Lair:1:   grunt_forest_large_clearing_hut, grunt_megastairs_2, uniq_gastronok
Lair:3:   swamp_mist, basic_altar, grunt_forest_large_clearings,
          minmay_lair_oklob_chamber, uniq_rupert, uniq_urug
Lair:4:   spider_nest_entry_funnel_web, enter_volcano_3, beast_lair_carwin_6,
          lemuel_fruit_tree
Lair:5:   portal_ice_cave_entry_ice_beasts
IceCv:    ice_cave_small_necro

Skill      XL: |  1  2  3  4  5  6  7  8  9 10 11 12 13 |
---------------+----------------------------------------+-----
Axes           | 2 3 4 5 6 8 9 10 11 | 11.4
Armour         | 4 5 6 8 9 10 | 10.7
Shields        | 4 5 6 7 8 |  8.4
Fighting       | 4 5 6 7 8 9 10 11 | 11.9
Maces & Flails | 1 5 8 |  8.8
Dodging        | 1 3 5 7 |  7.0
Invocations    | 1 4 |  4.6

Action                   |  1- 3 |  4- 6 |  7- 9 | 10-12 | 13-15 || total
-------------------------+-------+-------+-------+-------+-------++-------
Melee: War axe           |   131 |   236 |   490 |   383 |   279 ||  1519
       Mace              |       |       |       |   471 |   157 ||   628
Throw: Stone             |    90 |   150 |   111 |     5 |     1 ||   357
       Tomahawk          |       |       |     4 |    71 |    36 ||   111
Invok: Lesser Servant of |       |       |       |       |     3 ||     3
  Use: Potion            |       |       |    10 |     1 |     2 ||    13
       Scroll            |       |       |    12 |     4 |     3 ||    19
 Stab: Distracted        |       |       |       |     1 |     1 ||     2
  Eat: Chunk             |     1 |     7 |     9 |    22 |    11 ||    50
       Bread ration      |       |     1 |       |     1 |       ||     2
       Meat ration       |       |       |     1 |       |       ||     1
       Fruit             |       |       |       |     1 |     1 ||     2
Armor: Scale mail        |    53 |   163 |       |       |       ||   216
       Chain mail        |       |     5 |     9 |       |       ||    14
       Plate armour      |       |       |   375 |   686 |   382 ||  1443
       Skin              |       |       |    16 |       |       ||    16
Dodge: Dodged            |    33 |    81 |    55 |   245 |   174 ||   588
Block: Shield            |    66 |   143 |   255 |   663 |   404 ||  1531
